Cogmind - Beta 16 @@@ ROGUE MODE // 2026.01.30 @ 18:13:44 Player: vorsii Result: Destroyed by G-47 Trooper with Particle Gun Performance ------------- Evolutions (1) 500 Regions Visited (2) 400 Robots Destroyed (24) 120 Value Destroyed (546) 546 Prototype IDs (0) 0 Alien Tech Used (0) 0 Bonus (0) 0 TOTAL SCORE: 1566 Bonus ------- None Cogmind --------- Core Integrity 0/400 Matter 255/300 Energy 236/250 System Corruption 0% Temperature Cool (27) Movement Core (450) Ox8 Location -9/Materials Parts ------- > --- POWER (1) -------- Ion Engine > --- PROPULSION (3) --- (None) > --- UTILITY (3) ------ Large Storage Unit Hacking Suite Hacking Suite > --- WEAPON (2) ------- (None) > --- INVENTORY (15) --- Ion Engine Medium Matter Pod (100) Visual Processing Unit Signal Interpreter Terrain Scan Processor Seismic Detector Light Assault Rifle Scrap Shield Fragment (48) Scrap Shield Fragment (45) Peak State ------------ > --- POWER ------------ Light Ion Engine > --- PROPULSION ------- Hover Unit Hover Unit Hover Unit > --- UTILITY ---------- Large Storage Unit Hacking Suite Hacking Suite > --- WEAPON ----------- Light Assault Rifle Light Assault Rifle > --- INVENTORY -------- Ion Engine Ion Engine Light Treads Light Treads Hover Unit Medium Matter Pod Visual Processing Unit Signal Interpreter Terrain Scan Processor Seismic Detector Light Assault Rifle Scrap Shield Fragment Scrap Shield Fragment [Rating: 14] Favorites ----------- Power Ion Engine Engine Ion Engine Power Core Light Nuclear Core Propulsion Light Treads Treads Light Treads Hover Unit Hover Unit Utility Seismic Detector Device Seismic Detector Storage Large Storage Unit Hackware Hacking Suite Weapon Assault Rifle Ballistic Gun Assault Rifle Build | -11 -10 -9 ------- Run | Yrd Mat Mat Slots Evolved 2 | . . 2 Power . | . . . Propulsion 1 | . . 1 Utility 1 | . . 1 Weapon . | . . . Parts Attached 22 | 6 9 7 Power 4 | 1 2 1 Engine 3 | 1 1 1 Core 1 | . 1 . Reactor . | . . . Propulsion 8 | 2 2 4 Treads 4 | 2 2 . Leg . | . . . Wheel . | . . . Hover 4 | . . 4 Flight . | . . . Utility 5 | 1 2 2 Device 1 | . 1 . Storage 2 | 1 1 . Processor . | . . . Hackware 2 | . . 2 Protection . | . . . Artifact . | . . . Weapon 5 | 2 3 . Energy Gun . | . . . Energy Cannon . | . . . Ballistic Gun 5 | 2 3 . Ballistic Cannon . | . . . Launcher . | . . . Special Weapon . | . . . Impact Weapon . | . . . Slashing Weapon . | . . . Piercing Weapon . | . . . Special Melee Weapon . | . . . Unidentified Prototypes . | . . . Parts Lost 12 | . 3 9 Power 2 | . 1 1 Propulsion 7 | . 1 6 Utility . | . . . Weapon 3 | . 1 2 Highest Loss Streak 9 | . 1 9 To Critical Strikes . | . . . Average Backups 8 | 3 8 10 Power 1 | . 1 1 Propulsion 1 | . 1 2 Utility 2 | . 2 5 Weapon 1 | 2 1 1 Tool/Special . | . . . Unused Backups 10 | . 4 6 Power 1 | . . 1 Propulsion 2 | . 2 . Utility 6 | . 2 4 Weapon 1 | . . 1 Tool/Special . | . . . Average Slot Usage (%) 93 | . 95 78 Engine 7 | . 7 8 Core 4 | . 4 . Treads 25 | . 27 3 Hover 1 | . . 19 Device 11 | . 12 . Storage 13 | . 14 11 Hackware 1 | . . 20 Ballistic Gun 26 | . 27 14 Peak Build Rating 14 | 6 10 14 Average Rating 8 | 2 8 11 On Entrance 5 | . 6 9 Avg Prop Armor Cover (%) . | . . . Naked Turns . | . . . Heaviest Build 30 | 14 30 25 Greatest Support 40 | 40 40 40 Greatest Overweight (x) 8 | 1 1 8 Average Overweight (x) . | . . 1 Largest Inventory Capacity 15 | 8 15 15 Average Capacity 11 | 5 11 15 Most Carried 15 | 5 15 15 Average Carried 9 | 3 9 12 Final Capacity 15 | 8 15 15 Final Carried 15 | 2 15 9 Class Distribution -------------------- 83% | Mutant 8% | Hacker-Mutant 7% | Scavenger-Mutant Dominant Class ---------------- Mutant | -10/Materials Hacker-Mutant | -9/Materials Resources | -11 -10 -9 ----------- Run | Yrd Mat Mat Matter Collected 839 | 201 638 . Remotely . | . . . Salvage Created 814 | . 814 . Parts 44 | . 44 . Haulers Intercepted . | . . . Recyclers Shooed 3 | . 3 . Parts Field Recycled . | . . . Retrieved Matter . | . . . Parts Self-Destructed . | . . . Prevented . | . . . Parts Restored . | . . . Kills | -11 -10 -9 ------- Run | Yrd Mat Mat Combat Hostiles Destroyed 16 | . 16 . Guns 16 | . 16 . Classes Destroyed 7 | . 7 . Worker 1 | . 1 . Recycler 2 | . 2 . Operator 3 | . 3 . Watcher 2 | . 2 . Swarmer 5 | . 5 . Grunt 10 | . 10 . Subdweller 1 | . 1 . Best Kill Streak 4 | . 4 . Combat Bots Only 3 | . 3 . Max Kills in Single Turn 1 | . 1 . Gunslinging . | . . . Exploded . | . . . Melee . | . . . Uniques/NPCs Destroyed . | . . . Combat | -11 -10 -9 -------- Run | Yrd Mat Mat Hostile Shots Fired 197 | . 113 84 Missed 48 | . 27 21 Hits 149 | . 86 63 Melee 7 | . . 7 Projectile 142 | . 86 56 Critical Strikes 3 | . . 3 Damage Taken 1981 | . 996 985 Core 601 | . 193 408 Absorbed by Shields . | . . . Core Remaining (%) 61 | 100 22 . Volleys Fired 87 | . 87 . Largest 2 | . 2 . Hottest 40 | . 40 . Shots Fired 162 | . 162 . Gun 162 | . 162 . Cannon . | . . . Launcher . | . . . Special . | . . . Kinetic 162 | . 162 . Thermal . | . . . Explosive . | . . . Electromagnetic . | . . . Robot Hit Streak 12 | . 12 . Robot Miss Streak 5 | . 5 . Penetration Max . | . . . Secondary Targets 1 | . 1 . Max Gunslinging Chain 1 | . 1 . Shots Hit Robots 100 | . 100 . Core Hits 40 | . 40 . Critical Kills 1 | . 1 . Critical Parts Destroyed 1 | . 1 . Critical Strikes 2 | . 2 . Destroy 2 | . 2 . Melee Attacks . | . . . Impact . | . . . Slashing . | . . . Piercing . | . . . Sneak Attacks . | . . . Combat Hostiles . | . . . Follow-up Attacks . | . . . Damage Inflicted 1201 | . 1201 . Guns 1201 | . 1201 . Cannons . | . . . Explosions . | . . . Melee . | . . . Ramming . | . . . Kinetic 1201 | . 1201 . Thermal . | . . . Explosive . | . . . Electromagnetic . | . . . Impact . | . . . Slashing . | . . . Piercing . | . . . Highest Corruption . | . . . Average Corruption . | . . . Corruption Purged . | . . . Corruption Blocked . | . . . Overload Shots . | . . . Overflow Damage . | . . . Projectiles . | . . . Explosions . | . . . Melee . | . . . Knockbacks . | . . . Impact . | . . . Kinetic . | . . . Secondary . | . . . Self-Inflicted Damage . | . . . Shots . | . . . Rammed . | . . . Targets Rammed . | . . . Kicked . | . . . Crushed . | . . . Highest Temperature 12 | . 12 10 Average Temperature 3 | . 2 6 Received Heat Transfer 714 | . 369 345 Siege Activations . | . . . Martial Activations . | . . . Shielding Activations . | . . . Robots Disrupted . | . . . Combat Hostiles . | . . . Robots Corrupted . | . . . Combat Hostiles . | . . . Parts Fried . | . . . Impact Corruptions . | . . . Robots Melted . | . . . Combat Hostiles . | . . . Parts Melted . | . . . Heat Transferred . | . . . Parts Sabotaged . | . . . Parts Stolen . | . . . Parts Stripped . | . . . Power Chain Reactions . | . . . Alert | -11 -10 -9 ------- Run | Yrd Mat Mat Maximum Alert Level . | . . . Low Security (%) 100 | 100 100 100 Level 1 . | . . . Level 2 . | . . . Level 3 . | . . . Level 4 . | . . . Level 5 . | . . . High Security . | . . . Max Security . | . . . Peak Influence 115 | . 115 19 Initial 19 | . . 19 Average 31 | . 35 3 Influence Increases 438 | . 438 . Destroy 0b10 Robot/C 300 | . 300 . Destroy 0b10 Robot/NC 40 | . 40 . Destroy Leader 74 | . 74 . Successful Hack 7 | . 7 . Disable Machine 15 | . 15 . Destroy Structure 2 | . 2 . Influence Decreases 438 | . 391 47 Entered New Map 28 | . . 28 Time Decay 390 | . 371 19 Lost Part 20 | . 20 . Squads Dispatched 7 | . 5 2 Investigation 2 | . 2 . Extermination . | . . . Reinforcement 5 | . 3 2 Assault . | . . . Garrison . | . . . Intercept . | . . . Searches Triggered . | . . . Construction Impeded . | . . . Haulers Reinforced . | . . . Active Scanning Responses . | . . . Cargo Convoy Interrupts . | . . . Stealth | -11 -10 -9 --------- Run | Yrd Mat Mat Distress Signals 3 | . 3 . Communications Jammed . | . . . Distress Signals . | . . . Times Spotted 48 | . 33 15 Peak Tracking Total 11 | . 4 11 Tactical Retreats 3 | . 3 . Traps | -11 -10 -9 ------- Run | Yrd Mat Mat Traps Triggered 1 | . 1 . Indirectly . | . . . Trap Hack Attempts . | . . . Triggered . | . . . Disarmed . | . . . Reprogrammed . | . . . Reused . | . . . Traps Extracted . | . . . Installed . | . . . Triggered . | . . . Machines | -11 -10 -9 ---------- Run | Yrd Mat Mat Machines Disabled 1 | . 1 . Max in Single Turn 1 | . 1 . Machines Repaired . | . . . Machines Dismantled . | . . . Machines Sabotaged . | . . . Overloaded Fab Kills . | . . . Hacking | -11 -10 -9 --------- Run | Yrd Mat Mat Machines Accessed 3 | . 3 . Terminals 2 | . 2 . Fabricators . | . . . Repair Stations . | . . . Recycling Units 1 | . 1 . Scanalyzers . | . . . Garrison Access . | . . . Total Hacks 7 | . 7 . Successful 4 | . 4 . Failed 3 | . 3 . Catastrophic . | . . . Database Lockouts . | . . . Manual . | . . . Terminals 6 | . 6 . Fabricators . | . . . Repair Stations . | . . . Recycling Units 1 | . 1 . Scanalyzers . | . . . Garrison Access . | . . . Terminal Hacks 3 | . 3 . Locate Traps 1 | . 1 . Security Status 1 | . 1 . Zone Layout 1 | . 1 . Fabricator Hacks . | . . . Repair Station Hacks . | . . . Recycling Unit Hacks 1 | . 1 . Report Inventory 1 | . 1 . Scanalyzer . | . . . Garrison Access Hacks . | . . . Unauthorized Hacks . | . . . Terminals . | . . . Fabricators . | . . . Repair Stations . | . . . Recycling Units . | . . . Scanalyzers . | . . . Garrison Access . | . . . Data Cores Recovered . | . . . Used . | . . . Hacking Detections 1 | . 1 . Full Trace Events . | . . . Feedback Events . | . . . Feedback Blocked . | . . . Robot Schematics Acquired . | . . . Robots Built . | . . . Authchips . | . . . Time . | . . . Total Robot Build Rating . | . . . Part Schematics Acquired . | . . . Parts Built . | . . . Authchips . | . . . Time . | . . . Total Part Build Rating . | . . . Part Studies Acquired . | . . . Parts Repaired . | . . . Time . | . . . Parts Recycled . | . . . Recycled Matter . | . . . Retrieved Matter . | . . . Retrieved Components . | . . . Parts Scanalyzed . | . . . Part Schematics Acquired . | . . . Parts Damaged . | . . . Bothacking | -11 -10 -9 ------------ Run | Yrd Mat Mat Used RIF Installer . | . . . Robots Hacked . | . . . Non-combat . | . . . Combat . | . . . Robot Hacks Applied . | . . . Relay Couplers Released . | . . . Fabnet Peak Effective % . | . . . Robots Rewired . | . . . Allies Hacked . | . . . Hacks Repelled . | . . . Allies | -11 -10 -9 -------- Run | Yrd Mat Mat Total Allies . | . . . Largest Group . | . . . Highest-Rated Group . | . . . Highest-Rated Ally . | . . . Total Orders . | . . . Ally Attacks . | . . . Total Damage . | . . . Kills . | . . . Allies Corrupted . | . . . Allies Melted . | . . . Intel | -11 -10 -9 ------- Run | Yrd Mat Mat Active Infowar (turns) 1346 | . 1342 4 Seismic 1346 | . 1342 4 Robot Analysis Total . | . . . Derelict Logs Recovered . | . . . Drone Launches . | . . . Drone Recoveries . | . . . Exploration | -11 -10 -9 ------------- Run | Yrd Mat Mat Turns Passed 1757 | 60 1558 139 Spaces Moved 839 | 35 720 84 Core 16 | 15 . 1 Treads 749 | 20 720 9 Legs . | . . . Wheels . | . . . Hover 74 | . . 74 Flight . | . . . Fastest Speed 50 | 50 160 112 Average Speed 160 | 117 163 155 Slowest Speed 450 | 160 240 450 Overloaded Moves . | . . . Propulsion Burnouts . | . . . Robots Hopped . | . . . Potential Cave-ins . | . . . Cave-ins Triggered . | . . . Exploration Rate (%) 28 | 4 69 12 Regions Visited 2 Branch Regions . Pre-discovered Areas . | . . . Known Exits Taken . | . . . Unknown Exits Taken 2 | 1 1 . Scrap Searched . | . . . Spaces Dug . | . . . Terrain Destroyed . | . . . Melee . | . . . Projectile . | . . . AOE . | . . . Terrain Rammed . | . . . Walls Destroyed . | . . . Machines Disabled . | . . . Actions | -11 -10 -9 --------- Run | Yrd Mat Mat Total 1101 | 54 954 93 Wait 108 | 5 103 . Move 837 | 34 719 84 Hop . | . . . Pick Up 33 | 7 26 . Fast Attach 3 | 3 . . Attach 13 | 3 4 6 Detach . | . . . Swap 8 | . 5 3 Drop 12 | 2 10 . Fire 87 | . 87 . Melee . | . . . Ram . | . . . Kick . | . . . Crush . | . . . Escape Stasis . | . . . Rewire . | . . . Trap . | . . . Miscellaneous . | . . . Route ------- -11/Scrapyard -10/Materials (discovered 3 exits: [*Mat x2] / [*Min]) -9/Materials History --------- Turn | Location | Event 12 | -11/Scrapyard | Discovered new exit (range 16) 61 | -11/Scrapyard | Entered Materials 317 | -10/Materials | Build established: Mutant 761 | -10/Materials | Derelicts attacked the area 785 | -10/Materials | Discovered new exit (range 16) 841 | -10/Materials | Core integrity fell below 50% 1225 | -10/Materials | Discovered new exit (range 5) 1417 | -10/Materials | Discovered new exit (range 11) 1619 | -10/Materials | Entered another Materials area 1619 | -9/Materials | Evolved 2 slots: Propulsion x1, Utility x1 1736 | -9/Materials | Core integrity fell below 50% 1755 | -9/Materials | Core integrity fell below 20% 1758 | -9/Materials | Destroyed by G-47 Trooper with Particle Gun Last Messages --------------- 01604_ K-01 Serf collects debris. PARAMETERS=PROPULSION+1,UTILITY+1 LOCATION=UNKNOWN GOAL=ESCAPE 01649_ C-30 ARC bursts open, deploying its payload. 01649_ L-31 Rogue unfolds itself. 01649_ G-34 Mercenary unfolds itself. 01665_ ALERT: Hostiles spotted, dispatching reinforcements to Terminal M004. 01672_ Critical hit (Burn: +37). 01682_ Hover Unit destroyed. 01701_ Lgt. Ion Engine destroyed. 01706_ Hover Unit destroyed. 01709_ Lgt. Assault Rifle destroyed. 01714_ O-16 Technician: "IFF HANDSHAKE FAILED. SECURING TERMINAL." 01720_ ALERT: Hostiles spotted, dispatching reinforcements to Terminal M003. 01734_ Hover Unit destroyed. 01746_ Lgt. Treads destroyed. 01758_ Critical hit (Burn: +37). Map ----- +----------------------------------------------------+ | | | | | | | | | | | | | | | | | | | | | | | | | | | | | | | | | | | ??????????????????????????????????????? | | ????#######???????????????????????????? | | ????# ??????????????????????????? | | ????# ???????????????]#?????????? | | ????# T??????????? #?????????? | | ????# "?######## #?????????? | | ????# # g o ??????????? | | ????? """ # g ???????????????? | | ????? """ @ g#????????????????????? | | ????? """ #l #????????????????????? | | ?????########## #????????????????????? | | ???????????# g#????????????????????? | | ???????????# Y#????????????????????? | | ???????????#### #????????????????????? | | ??????????????# #???????##???????????? | | ??????????????# ##### #????????#### | | ??????????????# #????????# | | ??????????????# +???????# "" | | ??????????????# ##### ##???????# "T | | ??????????????# #??????###????????# | | ??????????? + #?????????????????# | | ??????? # #?????????#???????# | | ??????######### ##???###### ??????# | | ?????????????# ##### ! ##+######### | | ?????????????+ | | ?????????????# " | | ?????????????# ##### ##/##### " | | ?????????????##+###???###### ???# T | | ???????????????????????????? ???# " | | ???????????????????????????# "??# | | ???????????????????????????# "??# | | ???????????????????????????# [ ?# | | ???????????????????????????# = ?# | +----------------------------------------------------+ Best States ------------- Heat Dissipation 28 Energy Generation 14 Energy Capacity 250 Matter Stores 300 Matter Capacity 300 Sight Range 16 Terrain Scan Density 10 Evasion (%) 50 Recoil Reduction 2 Offensive Hacking 20 Item Schematics ----------------- None Robot Schematics ------------------ None Fabricated ------------ Nothing Repaired ---------- Nothing Studied --------- None Alien Tech Used ----------------- None Achievements -------------- None Challenges ------------ None Game ------ Seed NetworkDefenseExtrapolator Manual? 0 Play Time 00:21:21 Cumulative 24.7 hours Start 2026.01.30 @ 17:41:52 End 2026.01.30 @ 18:13:44 Sessions 1 Manual Loads 0 Difficulty Rogue Special Mode None Game No. 34 Rogue 34 Adventurer 0 Explorer 0 Win Type - Total 0 Types 0/0/0/0/0/0/0/0/0/0 Lore% 22 Gallery% 18 Achievement% 16 Wizard Run 0 Options --------- Layout 0 ASCII 0 Keyboard 0 Movement Mouse Keybinds 0 Fullscreen 1 Font 36/Smallcaps Map View 76x50 Zoom Use 0% Tactical HUD 1 Map Filters NONE Filters NONE Steam 1 RUN: 2ca85d73-8969-4eaf-87a5-e92167f31317